 Dungeon Crawl Stone Soup version 0.23.2-40-g277498a001 (webtiles) character file.

Game seed: 4575053235933886156

58 Amplified the Skirmisher (level 4, 0/35 HPs)
             Began as a Formicid Skald on Aug 24, 2019.
             Succumbed to an adder's poison
             ... on level 2 of the Dungeon.
             The game lasted 00:02:13 (1041 turns).

Amplified the Skirmisher (Formicid Skald)           Turns: 1041, Time: 00:02:14

Health: 0/35       AC:  4    Str: 14 (16) XL:     4   Next: 20%
Magic:  7/7        EV: 11    Int: 11 (13) God:
Gold:   90         SH:  0    Dex:  8 (10) Spells: 6/7 levels left

rFire    . . .     SeeInvis +   e - +1 dagger (holy)
rCold    . . .     Gourm    .   (no shield)
rNeg     . . .     Faith    .   b - +1 leather armour
rPois    .         Spirit   .   (helmet unavailable)
rElec    .         Reflect  .   (no cloak)
rCorr    .         Harm     .   (no gloves)
MR       .....                  (no boots)
Stlth    ++........             (no amulet)
HPRegen  0.11/turn              (no ring)
MPRegen  0.10/turn              (no ring)

@: lethally poisoned (0 -> -3)
A: permanent stasis, dig shafts and tunnels, four strong arms, antennae 3
a: Dig, Shaft Self


You were on level 2 of the Dungeon.
You were not hungry.

You visited 1 branch of the dungeon, and saw 2 of its levels.

You collected 90 gold pieces.

Inventory:

Hand Weapons
 a - a +0 hand axe
 e - a +1 dagger of holy wrath (weapon)
Armour
 b - a +1 leather armour (worn)
Potions
 l - a potion of degeneration
Comestibles
 d - 3 rations


   Skills:
 * Level 3.2 Fighting
 * Level 2.8 Axes
 - Level 1.1 Armour
 - Level 1.7 Dodging
 * Level 2.4 Stealth
 - Level 2.1 Spellcasting
 - Level 3.0 Charms


You had 6 spell levels left.
You knew the following spells:

 Your Spells              Type           Power        Failure   Level  Hunger
a - Infusion              Chrm           #...         11%         1    ##.....

Your spell library contained the following spells:

 Spells                   Type           Power        Failure   Level  Hunger
 Song of Slaying          Chrm           #.......     16%         2    ###....
 Shroud of Golubria       Chrm/Tloc      #.........   28%         2    ###....
 Regeneration             Chrm/Necr      #.........   50%         3    ####...
 Spectral Weapon          Hex/Chrm       #.......     50%         3    ####...


Dungeon Overview and Level Annotations

Branches:
Dungeon (2/15)

Altars:

Annotations:
D:2 Terence


Innate Abilities, Weirdness & Mutations

You cannot be hasted, slowed, berserked, paralysed or teleported.
You can dig through walls and to a lower floor.
Your four strong arms can wield two-handed weapons with a shield.
You have a pair of large antennae on your head. (SInv)


Message History

Okay, then.
Take off which item? (? for menu, Esc to quit)
You don't have any such object.
Take off which item? (? for menu, Esc to quit)
Okay, then.
Okay, then.
Drop what? 5/52 slots (_ for help) (? for menu, Esc to quit)
Okay, then.
Wield which item (- for none, * to show all)? (? for menu, Esc to quit)
Your +1 dagger of holy wrath softly glows with a divine radiance!
e - a +1 dagger of holy wrath (weapon)
The adder bites you.
* * * LOW HITPOINT WARNING * * *
You barely miss the adder. The adder bites you.
* * * LOW HITPOINT WARNING * * *
You are lethally poisoned!
The adder poisons you!
Okay, then.
You miss the adder.
You die...

#......## #........
#...^...# #.......#
# #.....K.# # {
#......w# .......
###.......# .......
#.......S.# .......
.#.....@.# .......
##.......# .......
#........# .......
#........#
.......###........#
............#
####........#
#........# ♣ ##
#........#


You could see an adder, a dart slug and a kobold.

Vanquished Creatures
  A worker ant (D:2)
  An adder (D:2)
  2 dart slugs (D:1)
  A ball python (D:1)
  3 bats
  A giant cockroach (D:1)
  3 goblins (D:1)
  2 hobgoblins (D:1)
  2 kobolds (D:1)
  A quokka (D:2)
  3 frilled lizards
  3 rats
23 creatures vanquished.

Notes
Turn   | Place    | Note
-------+----------+-------------------------------------------
     0 | D:1      | Amplified the Formicid Skald began the quest for the Orb.
     0 | D:1      | Reached XP level 1. HP: 16/16 MP: 3/3
   151 | D:1      | Reached skill level 1 in Stealth
   151 | D:1      | Reached XP level 2. HP: 23/23 MP: 5/5
   514 | D:1      | Reached XP level 3. HP: 28/28 MP: 1/6
   927 | D:2      | Noticed Terence
   980 | D:2      | Reached XP level 4. HP: 4/35 MP: 1/7
  1040 | D:2      | HP: 1/35 [adder (4)]
  1041 | D:2      | Succumbed to an adder's poison

Skill      XL: |  1  2  3 |
---------------+----------+-----
Stealth        | 1 2 |  2.4
Fighting       | 3 |  3.2
Axes           | |  2.8
Armour         | |  1.1
Dodging        | |  1.7
Spellcasting   | |  2.1
Charms         | |  3.0

Action                   |  1- 3 |  4- 6 || total
-------------------------+-------+-------++-------
Melee: Hand axe          |    77 |       ||    77
       Dagger            |       |     2 ||     2
 Cast: Infusion          |     4 |       ||     4
  Use: Scroll            |     3 |     3 ||     6
       Potion            |     6 |     1 ||     7
 Stab: Sleeping          |     1 |       ||     1
  Eat: Chunk             |       |     1 ||     1
Armor: Leather armour    |    31 |       ||    31
Dodge: Dodged            |    67 |       ||    67
